 Dungeon Crawl Stone Soup version 0.10.4 character file.

249 Rycklaryybbe the Insei (level 5, -3/44 HPs)
             Began as a Naga Transmuter on Aug 13, 2013.
             Slain by an orc
             ... wielding a -1,+0 orcish hammer
              (6 damage)
             ... on Level 3 of the Dungeon.
             The game lasted 00:06:12 (1967 turns).

Rycklaryybbe the Insei (Naga Transmuter)            Turns: 1967, Time: 00:06:12

HP  -3/44        AC  6     Str 12      XL: 5   Next:  2%
MP   7/7         EV 10     Int 13      God:
Gold 130         SH  0     Dex 13      Spells:  1 memorised,  7 levels left

Res.Fire  : . . .   See Invis. : +   n - +1 war axe (elec)
Res.Cold  : . . .   Warding    : . . q - +2 ring mail
Life Prot.: . . .   Conserve   : .   (no shield)
Res.Acid. : . . .   Res.Corr.  : .   (no helmet)
Res.Poison: +       Clarity    : .   (no cloak)
Res.Elec. : .       Spirit.Shd : .   (no gloves)
Sust.Abil.: . .     Stasis     : .   (no barding)
Res.Mut.  : .       Ctrl.Telep.: .   (no amulet)
Res.Rott. : .       Levitation : .   f - ring of invisibility
Saprovore : . . .   Ctrl.Flight: .   k - +4 ring of evasion

@: very slow, slightly resistant to hostile enchantments, very unstealthy
A: spit poison, constrict 1, see invisible, deformed body, poison resistance,
slowness 2
a: Spit Poison, Evoke Invisibility


You were on level 3 of the Dungeon.
You were not hungry.

You visited 1 branch of the dungeon, and saw 3 of its levels.

You collected 110 gold pieces.

Inventory:

Hand weapons
 g - a +0,+0 elven dagger (quivered)
 n - a +1,+1 war axe of electrocution (weapon)
Missiles
 b - 85 +0 arrows
 l - 17 +0 stones
 p - 5 +0 javelins
Armour
 c - a +0 robe
 q - a +2 ring mail (worn)
Comestibles
 a - 7 bread rations
 h - 13 grapes
 t - a royal jelly
Scrolls
 e - 3 scrolls of detect curse {unknown}
 i - 4 scrolls of teleportation {unknown}
 m - a scroll of random uselessness {unknown}
 s - 2 scrolls of identify {unknown}
Jewellery
 f - a ring of invisibility (right hand)
 k - a +4 ring of evasion (left hand)
Potions
 j - 3 potions of curing {unknown}
 o - 2 potions of brilliance {unknown}
 r - a potion of might {unknown}
Books
 d - a book of Changes

   Spells                             Type                      Level
   *Beastly Appendage                 Transmutation                1
   Sticks to Snakes                   Transmutation                2
   Spider Form                        Transmutation/Poison         3
   Ice Form                           Ice/Transmutation            4
   Blade Hands                        Transmutation                5


   Skills:
 - Level 1.0 Fighting
 - Level 1.5 Dodging
 - Level 0.6 Stealth
 + Level 5.2 Unarmed Combat
 - Level 2.0 Spellcasting
 * Level 4.0 Transmutations


You had 7 spell levels left.
You knew the following spells:

 Your Spells              Type           Power        Failure   Level  Hunger
a - Beastly Appendage     Trmt           ###....      14%         1    Strawberry

Dungeon Overview and Level Annotations

Branches:
Dungeon (3/27)

Altars:
Kikubaaqudgha


Innate Abilities, Weirdness & Mutations

You cannot wear boots.
You can spit poison.
You can use your snake-like lower body to constrict enemies.
Your serpentine skin is tough (AC +1).
You have supernaturally acute eyesight.
Armour fits poorly on your strangely shaped body.
Your system is resistant to poisons.
You cover ground very slowly.


Message History

* * * LOW HITPOINT WARNING * * *
An orc comes into view. It is wielding an orcish hammer.
The orc shouts!
The orc moves out of view.
The orc priest hits you but does no damage.
You see here a bat corpse.
You barely miss the orc priest. You constrict the orc priest.
The orc priest is moderately wounded.
The orc priest misses you.
The orc priest hits you but does no damage.
You slash the orc priest! You constrict the orc priest.
You kill the orc priest!
Your Transmutations skill increases to level 4!
You have reached level 5!
The orc closely misses you.
You hit the orc.
You constrict the orc, but do no damage.
The orc is moderately wounded.
The orc hits you with an orcish hammer.
You die...

...# #.# ...# #.# #### #.#
# # #)#.# # ##.#. # ... #
###### #[#
#########....#####)#######
................@o>........
#########....#############
#....# ######


You could see an orc.

Vanquished Creatures
  An orc priest (D:3)
  An orc wizard (D:3)
  An adder (D:2)
  A worm (D:2)
  A giant gecko (D:2)
  7 bats
  2 giant cockroaches
  10 goblins
  8 hobgoblins
  A ball python (D:2)
  4 giant newts
  4 jackals (D:1)
  6 kobolds
  6 rats
  A toadstool (D:1)
54 creatures vanquished.

Vanquished Creatures (others)
  A toadstool (D:1)
1 creature vanquished.

Grand Total: 55 creatures vanquished

Notes
Turn   | Place    | Note
--------------------------------------------------------------
     0 | D:1      | Rycklaryybbe, the Naga Transmuter, began the quest for the Orb.
     0 | D:1      | Reached XP level 1. HP: 18/18 MP: 1/1
   162 | D:1      | Reached XP level 2. HP: 22/25 MP: 3/3
   839 | D:1      | Reached XP level 3. HP: 21/31 MP: 4/4
  1233 | D:2      | Reached skill level 4 in Unarmed Combat
  1523 | D:2      | Reached XP level 4. HP: 38/38 MP: 6/6
  1825 | D:2      | Found an ancient bone altar of Kikubaaqudgha.
  1959 | D:3      | Reached skill level 5 in Unarmed Combat
  1965 | D:3      | Reached XP level 5. HP: 3/44 MP: 7/7
  1967 | D:3      | Slain by an orc
